 Dungeon Crawl Stone Soup version 0.28-a0-938-gbc3f381ebc (webtiles) character file.

Game seed: 1339630269710464054

67 ytrimaz the Skirmisher (level 3, -3/29 HPs)
             Began as a Demonspawn Fighter on Nov 28, 2021.
             Slain by a phantom (7 damage)
             ... in the Ecumenical Temple.
             The game lasted 00:02:33 (1659 turns).

ytrimaz the Skirmisher (Demonspawn Fighter)         Turns: 1659, Time: 00:02:33

Health: -3/29      AC: 16    Str: 17    XL:     3   Next: 98%
Magic:  3/3        EV:  9    Int:  9    God:
Gold:   66         SH:  4    Dex: 12    Spells: 2/2 levels left

rFire   . . .      SeeInvis .   a - +0 war axe (protect)
rCold   . . .      Faith    .   c - +0 buckler
rNeg    . . .      Spirit   .   b - +0 scale mail
rPois   .          Reflect  .   (no helmet)
rElec   .          Harm     .   (no cloak)
rCorr   .          Rampage  .   h - +0 pair of gloves
Will    .....                   (no boots)
Stlth   ..........              (no amulet)
HPRegen 0.09/turn               (no ring)
MPRegen 0.08/turn               (no ring)

@: mighty, under a protective aura
A: thin metallic scales 1
a: no special abilities


You were in the Ecumenical Temple.
You visited 2 branches of the dungeon, and saw 4 of its levels.

You collected 66 gold pieces.

Inventory:

Hand Weapons
 a - a +0 war axe of protection (weapon)
Armour
 b - a +0 scale mail (worn)
 c - a +0 buckler (worn)
 h - a +0 pair of gloves (worn)
Scrolls
 f - a scroll of brand weapon
 g - a scroll of fog
 i - a scroll of teleportation
Potions
 e - a potion of flight
 j - a potion of curing {unknown}


   Skills:
 + Level 3.4 Fighting
 + Level 2.8 Axes
 + Level 3.1 Armour
 + Level 0.2 Dodging
 + Level 3.0 Shields


You had 2 spell levels left.
You didn't know any spells.
Your spell library contained the following spells:

 Spells                   Type           Power      Damage    Failure   Level
 Portal Projectile        Hex/Tloc       0%         N/A       99%         3
 Blade Hands              Tmut           0%         N/A       100%        5
 Excruciating Wounds      Necr           0%         N/A       100%        5


Dungeon Overview and Level Annotations

Branches:
Dungeon (4/15)             Temple (1/1) D:4

Altars:
Uskayaw


Innate Abilities, Weirdness & Mutations

You are partially covered in thin metallic scales. (AC +2)


Message History

Found 27 bolts.
A dart slug comes into view.
The dart slug moves out of view.
You see here 27 bolts.
The dart slug launches a dart at you.
The slug dart hits you but does no damage.
The dart slug bites you but does no damage.
The dart slug launches a dart at you.
The slug dart hits you but does no damage.
You open the door. You block the phantom's attack.
There is an open door here.
The phantom hits you but does no damage.
You open the door. The phantom hits you.
The phantom blinks!
You blink.
The phantom hits you.
The phantom blinks!
You blink.
The phantom hits you but does no damage.
Found a staircase to the Ecumenical Temple.
The dart slug launches a dart at you.
The slug dart hits you but does no damage.
The dart slug launches a dart at you.
The slug dart hits you but does no damage.
There is a staircase to the Ecumenical Temple here.
The phantom hits you!
You climb downwards.
Welcome to the Ecumenical Temple!
There is a staircase back to the Dungeon here.
You feel very mighty all of a sudden. You block the phantom's attack.
You closely miss the phantom. The phantom hits you!
You barely miss the phantom. The phantom hits you!
* * * LOW HITPOINT WARNING * * *
The phantom blinks!
You blink.
You closely miss the phantom. The phantom closely misses you.
You slash the phantom!
Your weapon exudes an aura of protection.
The phantom is heavily damaged.
The phantom hits you but does no damage.
You block the phantom's attack.
You miss the phantom.
The phantom is heavily damaged.
The phantom hits you!
You die...

##... # ##.... #.
#..... #####.. ...
#....#####....... ....
#....#..W@.......
.....###........######.
#......###.........#
#...ยง....<.......
###.........###....
####........###..
......#....# .
....#####....# ####
....#


You could see a phantom.

Vanquished Creatures
  Robin (D:2)
  A gnoll (D:1)
  A worm (D:2)
  A dart slug (D:1)
  A bat (D:2)
  3 endoplasms
  6 giant cockroaches
  8 goblins (D:2)
  4 hobgoblins
  2 quokkas (D:2)
  A ball python (D:4)
  2 frilled lizards (D:2)
  3 kobolds
  2 rats (D:2)
36 creatures vanquished.

Notes
Turn   | Place    | Note
-------+----------+-------------------------------------------
     0 | D:1      | ytrimaz the Demonspawn Fighter began the quest for the Orb.
     0 | D:1      | Reached XP level 1. HP: 18/18 MP: 1/1
    21 | D:1      | Gained mutation: You are partially covered in thin metallic
                  | scales. (AC +2) [demonic ancestry]
    21 | D:1      | Reached XP level 2. HP: 7/24 MP: 2/2
  1170 | D:2      | Noticed Robin
  1176 | D:2      | Reached XP level 3. HP: 27/29 MP: 3/3
  1181 | D:2      | Killed Robin
  1556 | D:4      | Noticed a phantom
  1589 | D:4      | Noticed a +0 short sword
  1590 | D:4      | Noticed a +0 falchion
  1591 | D:4      | Noticed a +0 dagger
  1591 | D:4      | Noticed a +0 falchion
  1592 | D:4      | Noticed a +0 dagger
  1592 | D:4      | Noticed a +0 spear
  1592 | D:4      | Noticed a +0 short sword
  1594 | D:4      | Noticed a +0 spear
  1595 | D:4      | Found a hide-covered altar of Uskayaw.
  1638 | D:4      | Found a staircase to the Ecumenical Temple.
  1647 | Temple   | Entered the Ecumenical Temple
  1659 | Temple   | Slain by a phantom

Illustrated notes

Levels and vault maps discovered:
D:1:      sevenhm_arrival_forest_fort_large_2, layout_loops_ring,
          corexii_leaking_fountain
D:2:      kennysheep_six_static_rooms, layout_rooms, uniq_robin
D:4:      layout_gridville, nicolae_uskayaw_en_pointe,
          minmay_temple_entry_sparse_star, kennysheep_cluttered_room
Temple:   hc_temple_tempest_star

Skill      XL: |  1  2  3 |
---------------+----------+-----
Axes           | 2 |  2.8
Armour         | 3 |  3.1
Shields        | 3 |  3.0
Fighting       | |  3.4
Dodging        | |  0.2

Action                   || total
-------------------------++-------
Melee: War axe           ||    98
  Use: Scroll            ||     5
       Potion            ||     1
Armor: Scale mail        ||    73
Dodge: Dodged            ||    62
Block: Buckler           ||    21

Table legend: (Time is in decaauts)
 A = Elapsed time spent in this place.
 B = Non-inter-level travel time spent in this place.
 C = Inter-level travel time spent in this place.
 D = Time resting spent in this place.
 E = Time spent auto-exploring this place.
 F = Levels seen in this place.
 G = Mean time per level.
                   A        B        C        D        E       F      G
               +--------+--------+--------+--------+--------+-----+--------+
         Total |   1697 |   1656 |     41 |    351 |    914 |   4 |  424.2 |
       Dungeon |   1683 |   1642 |     41 |    351 |    914 |   3 |  561.0 |
        Temple |     13 |     13 |      0 |      0 |      0 |   1 |   13.0 |
               +--------+--------+--------+--------+--------+-----+--------+

Top non-repeatable levels by time:
     D:1: 1128 daAuts
     D:2: 459 daAuts
     D:4: 96 daAuts
  Temple: 13 daAuts
